Map: [ESL] Altitude

Players

Elazer - Winner!

  • Race: Zerg Zerg
  • Spawn Location: 7:00

Bly

  • Race: Zerg Zerg
  • Spawn Location: 1:00

Event: ESL SC2 Masters 2023 Summer (Regionals)

VOD

Have the link to the VOD?

Description

Time

  • Played on: May 17, 2023, 1:19 p.m.
  • Length: 16:11

All games in this series

Show
View Real Time Build Order
Export as new Build Order

Elazer Zerg - Winner!

Build Orders: Pool First 

Get SALT Encoding   

  12  0:00  Drone  
  13  0:12  Overlord  
  13  0:17  Drone  
  14  0:30  Drone x2  
  14  0:34  Drone  
  17  0:43  Extractor  
  17  0:44  Drone  
  17  0:50  Spawning Pool  
  17  0:55  Drone  
  17  1:06  Drone  
  18  1:18  Hatchery  
  17  1:36  Queen, Zergling x2  
  20  1:43  Metabolic Boost  
  20  1:48  Overlord  
  20  1:53  Zergling x2  
  21  1:55  Zergling x2  
  23  2:08  Zergling x2  
  23  2:11  Zergling x2  
  23  2:12  Queen  
  26  2:24  Zergling x2  
  27  2:30  Zergling x2  
  27  2:32  Zergling x2  
  29  2:41  Zergling x2  
  30  2:44  Zergling x8  
  34  2:53  Zergling x2  
  35  2:58  Overlord  
  35  3:04  Drone  
  35  3:14  Drone  
  35  3:21  Drone x7  
  35  3:22  Drone  
  41  3:31  Drone x2  
  41  3:40  Lair  
  41  3:42  Drone x2  
  43  3:52  Drone  
  43  3:54  Overlord  
  44  3:57  Extractor  
  44  3:58  Extractor  
  44  3:59  Drone x2  
  44  4:13  Drone x6  
  50  4:20  Extractor  
  50  4:21  Drone x3  
  52  4:24  Overlord  
  51  4:35  Overlord  
  51  4:42  Spire, Drone  
  51  4:51  Zergling x6  
  51  4:58  Zergling x16  
  57  5:09  Zergling x2  
  57  5:14  Overlord  
  58  5:20  Hatchery  
  57  5:27  Drone x3  
  60  5:29  Overlord  
  59  5:53  Mutalisk x6  
  59  5:56  Mutalisk  
  70  5:58  Mutalisk  
  70  6:00  Mutalisk  
  70  6:03  Zergling x8  
  80  6:15  Mutalisk  
  82  6:21  Zergling x4  
  82  6:25  Overlord  
  82  6:27  Zerg Flyer Weapons Level 1  
  82  6:41  Mutalisk x2  
  82  6:44  Zergling x4  
  82  6:45  Zergling x12  
  91  6:56  Mutalisk x2  
  95  7:07  Mutalisk  
  88  7:09  Zergling x10  
  88  7:10  Zergling x2  
  88  7:15  Spine Crawler  
  90  7:16  Spine Crawler x2  
  90  7:18  Mutalisk  
  90  7:22  Zergling x10  
  94  7:33  Mutalisk  
  94  7:34  Mutalisk  
  94  7:45  Mutalisk  
  94  7:48  Drone x2  
  94  7:50  Overlord x2  
  98  8:10  Mutalisk x3  
  103  8:13  Drone x2  
  103  8:16  Spine Crawler  
  103  8:17  Spine Crawler  
  102  8:22  Mutalisk  
  100  8:30  Drone x2  
  100  8:31  Spine Crawler  
  100  8:32  Spine Crawler, Mutalisk  
  102  8:38  Mutalisk  
  102  8:50  Mutalisk  
  102  8:55  Mutalisk  
  104  8:57  Drone  
  104  8:58  Drone x2  
  109  9:10  Mutalisk  
  111  9:22  Zerg Flyer Weapons Level 2  
  111  9:24  Hatchery  
  110  9:30  Spine Crawler  
  107  9:31  Spine Crawler, Roach Warren  
  107  9:34  Mutalisk  
  107  9:36  Drone x2  
  109  9:43  Mutalisk  
  111  9:51  Drone  
  112  10:06  Overlord x4  
  112  10:16  Roach  
  114  10:28  Roach x5  
  124  10:29  Roach x6  
  124  10:34  Drone x2  
  138  10:39  Drone  
  138  10:42  Ravager  
  140  10:51  Ravager x2  
  140  10:52  Ravager  
  143  11:05  Roach  
  143  11:08  Overlord x3  
  145  11:16  Drone  
  146  11:25  Overlord  
  145  11:31  Glial Reconstitution  
  145  11:33  Roach  
  145  11:34  Roach x11  
  169  11:50  Ravager  
  169  11:51  Ravager x4  
  176  11:54  Roach  
  176  12:03  Roach x2  
  174  12:13  Roach  
  174  12:15  Overlord x3, Spine Crawler  
  176  12:17  Spine Crawler  
  174  12:32  Ravager  
  174  12:35  Ravager x2  
  174  12:36  Ravager  
  178  12:40  Evolution Chamber  
  178  12:41  Drone x2  
  178  12:42  Roach x5  
  178  12:43  Roach x2  
  193  12:51  Hatchery  
  193  12:54  Roach  
  193  12:55  Roach x2  
  195  13:06  Zerg Missile Weapons Level 1  
  192  13:30  Pneumatized Carapace, Overseer x2  
  192  13:37  Overseer  
  192  13:41  Drone x3  
  192  14:04  Roach x3  
  192  14:28  Roach x3  
  186  14:41  Roach x8  
  186  14:55  Queen  
  186  14:57  Extractor  
  180  15:10  Roach x12  
  194  15:19  Extractor  
  181  15:35  Hatchery  
Show
View Real Time Build Order
Export as new Build Order

Bly Zerg 

Build Orders: Hatch First 

Get SALT Encoding   

  12  0:00  Drone  
  13  0:12  Overlord  
  13  0:17  Drone  
  14  0:30  Drone x2  
  16  0:48  Hatchery  
  15  0:52  Drone  
  15  0:55  Drone  
  17  0:59  Drone  
  18  1:10  Extractor  
  17  1:15  Spawning Pool  
  17  1:18  Drone  
  17  1:21  Drone  
  18  1:28  Drone  
  19  1:38  Drone  
  20  1:54  Overlord  
  20  1:55  Evolution Chamber  
  19  2:02  Queen x2  
  19  2:04  Drone  
  19  2:06  Drone  
  25  2:11  Drone  
  25  2:12  Drone  
  27  2:21  Zerg Melee Weapons Level 1  
  27  2:22  Zergling x2  
  28  2:25  Zergling x2  
  29  2:34  Drone  
  29  2:35  Drone  
  31  2:45  Overlord  
  31  2:50  Spine Crawler  
  30  2:51  Queen  
  30  2:55  Metabolic Boost  
  32  3:04  Evolution Chamber  
  32  3:05  Evolution Chamber  
  30  3:12  Evolution Chamber  
  29  3:15  Zergling x6  
  29  3:18  Zergling x2  
  31  3:21  Zergling x2  
  32  3:29  Zergling x4  
  34  3:36  Drone x3  
  37  3:45  Drone x3  
  40  3:52  Drone  
  40  3:53  Drone  
  42  3:58  Drone  
  42  4:00  Lair  
  43  4:05  Overlord  
  43  4:26  Drone x8  
  51  4:36  Overlord  
  51  4:37  Overlord  
  51  4:40  Extractor  
  51  4:41  Extractor  
  51  4:42  Extractor  
  44  4:56  Zergling x14  
  49  5:07  Nydus Network  
  49  5:08  Zergling x4  
  49  5:10  Roach Warren  
  48  5:15  Queen x2  
  48  5:17  Drone  
  53  5:33  Drone x4  
  57  5:41  Drone x3  
  60  5:43  Overlord x2  
  59  5:57  Roach x4  
  59  6:02  Nydus Canal  
  67  6:08  Roach x2  
  71  6:12  Roach  
  71  6:13  Roach, Baneling Nest  
  74  6:23  Roach x4  
  82  6:27  Queen  
  82  6:32  Overlord  
  76  6:48  Overlord x2  
  76  6:49  Spore Crawler  
  76  6:53  Nydus Canal  
  75  6:56  Spore Crawler  
  74  7:06  Queen  
  76  7:09  Zergling x4  
  76  7:10  Zergling x4  
  76  7:12  Nydus Canal  
  76  7:14  Drone x2  
  82  7:33  Nydus Canal  
  82  7:35  Baneling x8  
  82  7:41  Queen  
  82  7:42  Overlord  
  82  7:43  Overlord x2  
  84  7:53  Spore Crawler  
  84  7:55  Nydus Canal  
  83  8:00  Queen  
  83  8:04  Overlord  
  85  8:06  Spore Crawler  
  84  8:25  Drone x3  
  84  8:26  Drone x2, Evolution Chamber  
  87  8:32  Overseer  
  87  8:34  Infestation Pit  
  87  8:37  Spore Crawler  
  87  8:38  Spore Crawler  
  87  8:39  Zerg Missile Weapons Level 1, Zerg Ground Armor Level 1  
  84  8:45  Spore Crawler  
  83  8:51  Overseer  
  83  8:53  Drone x6  
  89  9:11  Infestor x3  
  89  9:12  Infestor x3  
  101  9:21  Spore Crawler x2  
  101  9:22  Ravager x2  
  101  9:30  Glial Reconstitution  
  101  9:44  Overlord x2  
  101  10:04  Roach x7  
  115  10:07  Hydralisk Den  
  114  10:21  Nydus Canal  
  114  10:27  Roach, Overlord  
  116  10:38  Overlord x2, Spore Crawler  
  116  10:40  Spore Crawler  
  102  11:05  Queen  
  102  11:10  Roach x9  
  122  11:12  Ravager x8  
  122  11:14  Overseer  
  130  11:22  Burrow  
  128  11:43  Overlord  
  128  11:47  Overlord x2  
  128  11:48  Overlord x3  
  106  12:14  Roach x6  
  118  12:28  Infestor x3  
  124  12:39  Tunneling Claws  
  124  13:01  Roach  
  124  13:02  Roach x5  
  128  13:13  Roach x3  
  122  13:31  Roach  
  122  13:32  Roach x3  
  118  13:35  Infestor x3  
  118  13:36  Infestor x2  
  118  13:37  Roach x7  
  118  13:44  Roach x4  
  118  13:45  Roach x2  
  118  13:48  Nydus Canal  
  92  14:05  Hydralisk x9  
  99  14:29  Roach  
  99  14:30  Roach  
  99  14:31  Roach, Infestor x5  
  83  14:43  Roach x7  
  80  14:58  Hydralisk  
  66  15:31  Overseer  
  66  15:34  Roach x5  
  66  15:46  Roach  
Tags
 
Add a new tag
Caveats
  • Supply blocks, unpowered buildings, or Contaminate may cause inaccurate times.
  • Supply counts are checked every 10 seconds.